TOP OF THE 1ST |
Rocky Mountain Nuggets batting - Pitching for Capital District Red Knights : RHP Francisco García
|
Pitching: RHP Francisco García
|
|
Batting: LHB Chris Whiteside
|
0-0: Ball 1-0: Ground out 1-3 (Groundball, 13S)
|
Batting: LHB Randy Bowen
|
0-0: Ball 1-0: Called Strike 1-1: Ball 2-1: Fly out, F4 (Popup, 4D)
|
Batting: RHB Michael Riley
|
0-0: Ground out 6-3 (Groundball, 6)
|
Top of the 1st over - 0 run(s), 0 hit(s), 0 error(s), 0 left on base; Rocky Mountain 0 - Capital District 0 |
BOTTOM OF THE 1ST |
Capital District Red Knights batting - Pitching for Rocky Mountain Nuggets : LHP Alfonso Zapata
|
Pitching: LHP Alfonso Zapata
|
|
Batting: RHB Martin Young
|
0-0: Ball 1-0: Called Strike 1-1: Ball 2-1: Foul Ball, location: 2F 2-2: Ball 3-2: Fly out, F8 (Flyball, 8RS)
|
Batting: RHB Chang-bum Pak
|
0-0: Ball 1-0: TRIPLE (Flyball, 7LS)
|
Batting: RHB Barry Dempsey
|
0-0: Ball 1-0: Called Strike 1-1: Swinging Strike 1-2: SINGLE (Line Drive, 4MD) Chang-bum Pak scores
|
Batting: LHB Roger Shaffer
|
0-0: Ball 1-0: Called Strike 1-1: SINGLE (Groundball, 4M) Barry Dempsey to second
|
Batting: RHB Gonzalo Núñez
|
0-0: Ball 1-0: Ball 2-0: Foul Ball, location: 2F 2-1: Hit by Pitch Barry Dempsey to third Roger Shaffer to second
|
Batting: RHB Jorge Torrez
|
0-0: Called Strike 0-1: Called Strike 0-2: Fly out, F3 (Popup, 34)
|
Batting: RHB Louis Henderson
|
0-0: Foul Ball, location: 2F 0-1: Ball 1-1: Ground out 5-3 (Groundball, 5)
|
Bottom of the 1st over - 1 run(s), 3 hit(s), 0 error(s), 3 left on base; Rocky Mountain 0 - Capital District 1 |
TOP OF THE 2ND |
Rocky Mountain Nuggets batting - Pitching for Capital District Red Knights : RHP Francisco García
|
Batting: RHB David Verhoeve
|
0-0: Fly out, F7 (Flyball, 78M)
|
Batting: LHB Juan Ríos
|
0-0: Called Strike 0-1: Foul Ball, location: 2F 0-2: Fly out, F9 (Popup, 34D)
|
Batting: SHB Jim Morris
|
0-0: Called Strike 0-1: Ball 1-1: Ball 2-1: Ball 3-1: Base on Balls
|
Batting: RHB Juan Ávila
|
0-0: Ball Jim Morris steals 2nd base 1-0: Ball 2-0: Called Strike 2-1: Ball 3-1: SINGLE (Line Drive, 7LS) Jim Morris to third
|
Batting: LHB Egidio Agnolutto
|
0-0: Ball 1-0: Ball 2-0: Ball 3-0: Called Strike 3-1: Base on Balls Juan Ávila to second
|
Batting: SHB Jorge Colomo
|
0-0: Called Strike 0-1: Swinging Strike 0-2: Ball 1-2: Ball 2-2: Reached on Error, E8 (Flyball, 8RM) Jim Morris scores Juan Ávila scores Egidio Agnolutto to third
|
Batting: LHB Chris Whiteside
|
0-0: Ball 1-0: SINGLE (Groundball, 34D) Egidio Agnolutto scores Jorge Colomo to third Runner from 3rd tries for Home, SAFE, no throw or cutoff
|
Batting: LHB Randy Bowen
|
0-0: Ball 1-0: Ball 2-0: Ball 3-0: Called Strike 3-1: Fly out, F4 (Line Drive, 4)
|
Top of the 2nd over - 4 run(s), 2 hit(s), 1 error(s), 1 left on base; Rocky Mountain 4 - Capital District 1 |
BOTTOM OF THE 2ND |
Capital District Red Knights batting - Pitching for Rocky Mountain Nuggets : LHP Alfonso Zapata
|
Batting: LHB Leonardo López
|
0-0: Called Strike 0-1: Fly out, F7 (Flyball, 7LM)
|
Batting: SHB Joreão Canosa
|
0-0: Ball 1-0: Called Strike 1-1: Ball 2-1: Ball 3-1: Fly out, F9 (Flyball, 9S)
|
Batting: RHB Martin Young
|
0-0: Ball 1-0: Called Strike 1-1: Ball 2-1: TRIPLE (Line Drive, 9LS)
|
Batting: RHB Chang-bum Pak
|
0-0: Foul Ball, location: 2F 0-1: SINGLE (Groundball, 34D) Martin Young scores
|
Batting: RHB Barry Dempsey
|
0-0: Ball 1-0: Foul Ball, location: 2F 1-1: Ball 2-1: Foul Ball, location: 2F 2-2: Ball 3-2: SINGLE (Line Drive, 4D) Chang-bum Pak to second Chang-bum Pak to third
|
Batting: LHB Roger Shaffer
|
0-0: Ball 1-0: Foul Ball, location: 2F 1-1: Called Strike 1-2: Foul Ball, location: 2F 1-2: Fly out, F7 (Flyball, 7D)
|
Bottom of the 2nd over - 1 run(s), 3 hit(s), 0 error(s), 2 left on base; Rocky Mountain 4 - Capital District 2 |
TOP OF THE 3RD |
Rocky Mountain Nuggets batting - Pitching for Capital District Red Knights : RHP Francisco García
|
Batting: RHB Michael Riley
|
0-0: Ball 1-0: Ball 2-0: Fly out, F8 (Popup, 6MD)
|
Batting: RHB David Verhoeve
|
0-0: Called Strike 0-1: Foul Ball, location: 2F 0-2: Strikes out looking
|
Batting: LHB Juan Ríos
|
0-0: Ball 1-0: Ball 2-0: Fly out, F2 (Popup, 2LF)
|
Top of the 3rd over - 0 run(s), 0 hit(s), 0 error(s), 0 left on base; Rocky Mountain 4 - Capital District 2 |
BOTTOM OF THE 3RD |
Capital District Red Knights batting - Pitching for Rocky Mountain Nuggets : LHP Alfonso Zapata
|
Batting: RHB Gonzalo Núñez
|
0-0: Ball 1-0: Called Strike 1-1: Ball 2-1: Ball 3-1: Foul Ball, location: 2F 3-2: Foul Ball, location: 2F 3-2: Foul Ball, location: 2F 3-2: Foul Ball, location: 2F 3-2: Foul Ball, location: 2F 3-2: Fly out, F9 (Flyball, 89M)
|
Batting: RHB Jorge Torrez
|
0-0: Called Strike 0-1: Ball 1-1: Ball 2-1: Called Strike 2-2: Foul Ball, location: 2F 2-2: Ground out 4-3 (Groundball, 4M)
|
Batting: RHB Louis Henderson
|
0-0: Called Strike 0-1: Called Strike 0-2: Strikes out swinging
|
Bottom of the 3rd over - 0 run(s), 0 hit(s), 0 error(s), 0 left on base; Rocky Mountain 4 - Capital District 2 |
TOP OF THE 4TH |
Rocky Mountain Nuggets batting - Pitching for Capital District Red Knights : RHP Francisco García
|
Batting: SHB Jim Morris
|
0-0: Ball 1-0: Ball 2-0: Ball 3-0: Base on Balls
|
Batting: RHB Juan Ávila
|
0-0: Grounds into double play, 4-6-3 (Groundball, 4M)
|
Batting: LHB Egidio Agnolutto
|
0-0: Ball 1-0: Ball 2-0: Swinging Strike 2-1: Foul Ball, location: 2F 2-2: Foul Ball, location: 2F 2-2: Fly out, F7 (Flyball, 8LS)
|
Top of the 4th over - 0 run(s), 0 hit(s), 0 error(s), 0 left on base; Rocky Mountain 4 - Capital District 2 |
BOTTOM OF THE 4TH |
Capital District Red Knights batting - Pitching for Rocky Mountain Nuggets : LHP Alfonso Zapata
|
Batting: LHB Leonardo López
|
0-0: Swinging Strike 0-1: Swinging Strike 0-2: Strikes out swinging
|
Batting: SHB Joreão Canosa
|
0-0: Called Strike 0-1: Called Strike 0-2: Ball 1-2: Strikes out swinging
|
Batting: RHB Martin Young
|
0-0: Ball 1-0: Ground out 6-3 (Groundball, 56)
|
Bottom of the 4th over - 0 run(s), 0 hit(s), 0 error(s), 0 left on base; Rocky Mountain 4 - Capital District 2 |
TOP OF THE 5TH |
Rocky Mountain Nuggets batting - Pitching for Capital District Red Knights : RHP Francisco García
|
Batting: SHB Jorge Colomo
|
0-0: Called Strike 0-1: Ball 1-1: Called Strike 1-2: Ball 2-2: Foul Ball, location: 2F 2-2: Fly out, F8 (Flyball, 8LM)
|
Batting: LHB Chris Whiteside
|
0-0: Ball 1-0: Ball 2-0: Called Strike 2-1: Called Strike 2-2: Foul Ball, location: 2F 2-2: Ball 3-2: Fly out, F2 (Popup, 2LF)
|
Batting: LHB Randy Bowen
|
0-0: Ball 1-0: Ground out U3 (Groundball, 3L)
|
Top of the 5th over - 0 run(s), 0 hit(s), 0 error(s), 0 left on base; Rocky Mountain 4 - Capital District 2 |
BOTTOM OF THE 5TH |
Capital District Red Knights batting - Pitching for Rocky Mountain Nuggets : LHP Alfonso Zapata
|
Batting: RHB Chang-bum Pak
|
0-0: DOUBLE (Flyball, 8LXD)
|
Batting: RHB Barry Dempsey
|
0-0: Ball 1-0: 2-RUN HOME RUN (Flyball, 78XD), Distance : 384 ft
|
Batting: LHB Roger Shaffer
|
0-0: Ball 1-0: Ball 2-0: Called Strike 2-1: Fly out, F8 (Flyball, 8LD)
|
Batting: RHB Gonzalo Núñez
|
0-0: Called Strike 0-1: SINGLE (Groundball, 34)
|
Batting: RHB Jorge Torrez
|
0-0: Grounds into double play, 6-4-3 (Groundball, 6)
|
Bottom of the 5th over - 2 run(s), 3 hit(s), 0 error(s), 0 left on base; Rocky Mountain 4 - Capital District 4 |
TOP OF THE 6TH |
Rocky Mountain Nuggets batting - Pitching for Capital District Red Knights : RHP Francisco García
|
Batting: RHB Michael Riley
|
0-0: Foul Ball, location: 2F 0-1: Foul Ball, location: 2F 0-2: Foul Ball, location: 2F 0-2: Foul Ball, location: 2F 0-2: Ball 1-2: DOUBLE (Groundball, 5L)
|
Batting: RHB David Verhoeve
|
0-0: Ground out 6-3 (Groundball, 6)
|
Batting: LHB Juan Ríos
|
0-0: Ground out 6-3 (Groundball, 6M) Michael Riley to third
|
Batting: SHB Jim Morris
|
0-0: Ball 1-0: Ball 2-0: Foul Ball, location: 2F 2-1: Fly out, F8 (Flyball, 8LD)
|
Top of the 6th over - 0 run(s), 1 hit(s), 0 error(s), 1 left on base; Rocky Mountain 4 - Capital District 4 |
BOTTOM OF THE 6TH |
Capital District Red Knights batting - Pitching for Rocky Mountain Nuggets : LHP Alfonso Zapata
|
Batting: RHB Louis Henderson
|
0-0: Ball 1-0: Ball 2-0: Ground out 6-3 (Groundball, 6S)
|
Batting: LHB Leonardo López
|
0-0: Called Strike 0-1: Ball 1-1: Fly out, F4 (Line Drive, 4)
|
Batting: SHB Joreão Canosa
|
0-0: Ball 1-0: Ball 2-0: Ground out 6-3 (Groundball, 6)
|
Bottom of the 6th over - 0 run(s), 0 hit(s), 0 error(s), 0 left on base; Rocky Mountain 4 - Capital District 4 |
TOP OF THE 7TH |
Rocky Mountain Nuggets batting - Pitching for Capital District Red Knights : RHP Francisco García
|
Batting: RHB Juan Ávila
|
0-0: Ball 1-0: Called Strike 1-1: Ball 2-1: Foul Ball, location: 2F 2-2: Ball 3-2: Base on Balls
|
Pitching: LHP Katai Ichikawa
|
|
Batting: LHB Egidio Agnolutto
|
0-0: Reached on error, E2 (Groundball, 2R) Juan Ávila to third
|
Batting: SHB Jorge Colomo
|
0-0: Intentional Walk
|
Pinch Hitting: RHB Wayne Rose
|
0-0: Ball 1-0: Called Strike 1-1: Ball 2-1: Foul Ball, location: 2F 2-2: Strikes out swinging
|
Pitching: RHP Myron Snow
|
|
Batting: LHB Randy Bowen
|
0-0: Ball 1-0: Called Strike 1-1: Swinging Strike 1-2: Strikes out looking
|
Batting: RHB Michael Riley
|
0-0: Called Strike 0-1: Ball 1-1: Fly out, F9 (Popup, 9LS)
|
Top of the 7th over - 0 run(s), 0 hit(s), 1 error(s), 3 left on base; Rocky Mountain 4 - Capital District 4 |
BOTTOM OF THE 7TH |
Capital District Red Knights batting - Pitching for Rocky Mountain Nuggets : LHP Alfonso Zapata
|
Now in RF: Toshitsugu Sakamoto
|
|
Batting: RHB Martin Young
|
0-0: Foul Ball, location: 2F 0-1: Foul Ball, location: 2F 0-2: Ball 1-2: Foul Ball, location: 2F 1-2: Ball 2-2: Ground out 5-3 (Groundball, 5S)
|
Batting: RHB Chang-bum Pak
|
0-0: Foul Ball, location: 2F 0-1: Ground out 6-3 (Groundball, 6)
|
Batting: RHB Barry Dempsey
|
0-0: Foul Ball, location: 2F 0-1: Ball 1-1: Ball 2-1: Foul Ball, location: 2F 2-2: Foul Ball, location: 2F 2-2: Strikes out swinging
|
Bottom of the 7th over - 0 run(s), 0 hit(s), 0 error(s), 0 left on base; Rocky Mountain 4 - Capital District 4 |
TOP OF THE 8TH |
Rocky Mountain Nuggets batting - Pitching for Capital District Red Knights : RHP Myron Snow
|
Batting: RHB David Verhoeve
|
0-0: Ball 1-0: Called Strike 1-1: Ball 2-1: Called Strike 2-2: Foul Ball, location: 2F 2-2: Foul Ball, location: 2F 2-2: Ground out 5-3 (Groundball, 56)
|
Batting: LHB Juan Ríos
|
0-0: Ball 1-0: Ball 2-0: Foul Ball, location: 2F 2-1: Ball 3-1: SINGLE (Groundball, 34D)
|
Batting: SHB Jim Morris
|
0-0: Reached on error, E4 (Groundball, 4) Juan Ríos to second
|
Batting: RHB Juan Ávila
|
0-0: Fly out, F9 (Flyball, 9LM)
|
Batting: LHB Egidio Agnolutto
|
0-0: Ball 1-0: Called Strike 1-1: Swinging Strike 1-2: Strikes out looking
|
Top of the 8th over - 0 run(s), 1 hit(s), 1 error(s), 2 left on base; Rocky Mountain 4 - Capital District 4 |
BOTTOM OF THE 8TH |
Capital District Red Knights batting - Pitching for Rocky Mountain Nuggets : LHP Alfonso Zapata
|
Batting: LHB Roger Shaffer
|
0-0: Ball 1-0: Foul Ball, location: 2F 1-1: Ball 2-1: Swinging Strike 2-2: Foul Ball, location: 2F 2-2: Ball 3-2: Base on Balls
|
Pinch Runner at 1st Arturo Hernández:
|
|
Batting: RHB Gonzalo Núñez
|
0-0: Swinging Strike 0-1: Ball 1-1: Ball 2-1: Ball 3-1: Base on Balls Arturo Hernández to second
|
Batting: RHB Jorge Torrez
|
0-0: Bunted foul 0-1: Bunted foul 0-2: Ball 1-2: Fly out, F7 (Line Drive, 78M)
|
Batting: RHB Louis Henderson
|
0-0: Ball 1-0: Ball 2-0: Called Strike Arturo Hernández steals 3rd base Gonzalo Núñez to second 2-1: Intentional Walk
|
Pinch Hitting: RHB Manny Carbajal
|
0-0: Ball 1-0: Called Strike 1-1: Ball 2-1: Ball 3-1: Base on Balls Arturo Hernández scores Gonzalo Núñez to third Louis Henderson to second
|
Batting: SHB Joreão Canosa
|
0-0: Called Strike 0-1: Ball 1-1: Fly out, F7 (Flyball, 7D) Runner from 3rd tags up, SCORES, no throw
|
Pitching: RHP Artie Horton
|
|
Batting: RHB Martin Young
|
0-0: Ball 1-0: Swinging Strike 1-1: Ball 2-1: Swinging Strike 2-2: Foul Ball, location: 2F 2-2: Strikes out swinging
|
Bottom of the 8th over - 2 run(s), 0 hit(s), 0 error(s), 2 left on base; Rocky Mountain 4 - Capital District 6 |
TOP OF THE 9TH |
Rocky Mountain Nuggets batting - Pitching for Capital District Red Knights : RHP Myron Snow
|
Pitching: RHP Woody Cook
|
|
Now in CF: Manny Carbajal
|
|
Batting: SHB Jorge Colomo
|
0-0: Called Strike 0-1: Swinging Strike 0-2: Strikes out swinging
|
Batting: RHB Toshitsugu Sakamoto
|
0-0: Ball 1-0: Foul Ball, location: 2F 1-1: Ball 2-1: Fly out, F9 (Line Drive, 9M)
|
Batting: LHB Randy Bowen
|
0-0: Ball 1-0: Ball 2-0: Foul Ball, location: 2F 2-1: SINGLE (Flyball, 7LS)
|
Batting: RHB Michael Riley
|
0-0: Ball 1-0: Swinging Strike 1-1: Ball 2-1: Ball 3-1: Ground out 1-3 (Groundball, 23)
|
Top of the 9th over - 0 run(s), 1 hit(s), 0 error(s), 1 left on base; Rocky Mountain 4 - Capital District 6 |
|